[ AOE2 MATCH · #477699835 ]
UnrankedTeutons vs Ethiopians
[ REPLAY ANALYSIS · EXTRACTED FROM THE RECORDED GAME ]
Feudal
11:47
Castle
25:01
Imperial
36:29
| APM avg | 40.2 |
| APM peak | 80 |
| eAPM avg | 22.5 |
| Villagers / military | 180 / 258 |
Focus
⚔️ 27.2% · 🌾 72.8%
Knight ×129 · Spearman ×109 · Scout Cavalry ×11 · Trebuchet (Packed) ×7 · Monk ×1 · Mangonel ×1
Feudal
13:43
Castle
17:23
Imperial
39:00
| APM avg | 40.8 |
| APM peak | 102 |
| eAPM avg | 23.5 |
| Villagers / military | 209 / 205 |
Focus
⚔️ 36.9% · 🌾 63.1%
Archer ×195 · Trebuchet (Packed) ×5 · Mangonel ×3 · Spearman ×2
Feudal
14:54
Castle
36:54
Imperial
53:19
| APM avg | 44.3 |
| APM peak | 90 |
| eAPM avg | 24.6 |
| Villagers / military | 221 / 55 |
Focus
⚔️ 28.9% · 🌾 71.1%
Janissary ×55
Feudal
16:04
Castle
29:21
Imperial
42:53
| APM avg | 34.5 |
| APM peak | 71 |
| eAPM avg | 20.9 |
| Villagers / military | 206 / 128 |
Focus
⚔️ 32.8% · 🌾 67.2%
Knight ×84 · Scout Cavalry ×29 · Militia ×8 · Spearman ×5 · Throwing Axeman ×1 · Trebuchet (Packed) ×1
Feudal
11:54
Castle
52:37
Imperial
—
| APM avg | 28.6 |
| APM peak | 78 |
| eAPM avg | 17.5 |
| Villagers / military | 87 / 17 |
Focus
⚔️ 38.5% · 🌾 61.5%
Monk ×9 · Archer ×6 · Spearman ×2
Feudal
11:24
Castle
25:09
Imperial
41:57
| APM avg | 48.8 |
| APM peak | 87 |
| eAPM avg | 22.1 |
| Villagers / military | 170 / 177 |
Focus
⚔️ 35.5% · 🌾 64.5%
Camel Scout ×82 · Archer ×39 · Knight ×22 · Scout Cavalry ×10 · Bombard Cannon ×9 · Trebuchet (Packed) ×7
Feudal
13:49
Castle
17:19
Imperial
40:51
| APM avg | 60.2 |
| APM peak | 135 |
| eAPM avg | 33.0 |
| Villagers / military | 164 / 220 |
Focus
⚔️ 59.6% · 🌾 40.4%
Archer ×148 · Mameluke ×66 · Skirmisher ×3 · Battering Ram ×3
Feudal
12:12
Castle
31:14
Imperial
52:06
| APM avg | 58.1 |
| APM peak | 107 |
| eAPM avg | 31.9 |
| Villagers / military | 165 / 130 |
Focus
⚔️ 36.1% · 🌾 63.9%
Cavalry Archer ×55 · Skirmisher ×53 · Scout Cavalry ×14 · Trebuchet (Packed) ×5 · Keshik ×2 · Spearman ×1
Match map
Initial resources + every placement click. Lines = walls · curves = elevation contours. ◆ gold · ⬟ stone · ● berries · ✦ relic · ◌ wall gap
Your base· Open — 11t gap
Đà Lạt's base· Open — unwalled flank
kibou's base· Open — unwalled flank
RogerRamjet's base· Open — 2t gap
Bog Sauce's base· Open — 8t gap
连青人's base· Open — 3t gap
Mau5's base· Open — unwalled flank
III's base· Open — unwalled flank
Smoothed initial terrain · ◌ = detected wall gap · hover for details
Inputs per minute
— 香香瓜子壳 - - Đà Lạt
Build order — 香香瓜子壳
First 150 of 568 actions detected
| 0:41 | Build | Town Center |
| 2:52 | Build | House |
| 2:57 | Create | Villager (Male) |
| 2:57 | Create | Villager (Male) |
| 2:57 | Create | Villager (Male) |
| 2:58 | Create | Villager (Male) |
| 3:49 | Build | House |
| 4:06 | Build | House |
| 4:30 | Create | Villager (Male) |
| 4:49 | Create | Villager (Male) |
| 5:06 | Build | Lumber Camp |
| 5:15 | Build | House |
| 5:26 | Create | Villager (Male) |
| 5:26 | Create | Villager (Male) |
| 6:10 | Create | Villager (Male) |
| 6:40 | Create | Villager (Male) |
| 6:40 | Create | Villager (Male) |
| 6:43 | Build | House |
| 6:56 | Create | Villager (Male) |
| 6:57 | Create | Villager (Male) |
| 7:30 | Create | Villager (Male) |
| 7:34 | Build | Mill |
| 8:26 | Create | Villager (Male) |
| 8:54 | Create | Villager (Male) |
| 9:22 | Build | House |
| 9:28 | Research | Feudal Age |
| 9:28 | Research | Feudal Age |
| 9:41 | Build | House |
| 9:59 | Build | House |
| 10:49 | Build | Barracks |
| 11:05 | Build | House |
| 11:34 | Create | Villager (Male) |
| 11:47 | Age | Feudal Age |
| 11:51 | Build | Stable |
| 11:55 | Create | Villager (Male) |
| 12:02 | Research | Double-Bit Axe |
| 12:17 | Build | House |
| 12:20 | Create | Villager (Male) |
| 12:29 | Build | Palisade Wall |
| 12:30 | Build | Palisade Wall |
| 12:41 | Create | Scout Cavalry |
| 12:43 | Create | Scout Cavalry |
| 12:48 | Build | Palisade Wall |
| 12:49 | Build | Palisade Wall |
| 12:50 | Build | Palisade Wall |
| 12:53 | Build | Palisade Wall |
| 12:56 | Create | Villager (Male) |
| 13:03 | Build | Blacksmith |
| 13:05 | Build | Palisade Wall |
| 13:11 | Create | Villager (Male) |
| 13:29 | Build | Farm |
| 13:32 | Create | Scout Cavalry |
| 13:35 | Research | Horse Collar |
| 13:37 | Create | Villager (Male) |
| 13:43 | Build | House |
| 13:51 | Create | Scout Cavalry |
| 13:55 | Build | Farm |
| 14:00 | Build | Farm |
| 14:16 | Create | Villager (Male) |
| 14:25 | Research | Scale Barding Armor |
| 14:30 | Build | Farm |
| 14:34 | Build | Farm |
| 14:37 | Build | House |
| 14:45 | Build | Farm |
| 14:47 | Build | Farm |
| 14:49 | Create | Villager (Male) |
| 15:01 | Build | Farm |
| 15:04 | Build | Farm |
| 15:06 | Create | Villager (Male) |
| 15:15 | Create | Villager (Male) |
| 15:18 | Build | Farm |
| 15:23 | Build | House |
| 15:35 | Build | Palisade Wall |
| 15:37 | Build | Palisade Wall |
| 15:37 | Build | Palisade Wall |
| 15:38 | Build | Palisade Wall |
| 15:39 | Build | Palisade Wall |
| 15:43 | Build | Palisade Gate |
| 15:54 | Create | Scout Cavalry |
| 15:55 | Create | Villager (Male) |
| 16:02 | Build | House |
| 16:04 | Build | Palisade Wall |
| 16:10 | Create | Villager (Male) |
| 16:18 | Create | Scout Cavalry |
| 16:35 | Create | Villager (Male) |
| 16:47 | Build | Farm |
| 16:50 | Build | Farm |
| 16:52 | Build | Farm |
| 16:56 | Create | Scout Cavalry |
| 17:19 | Create | Villager (Male) |
| 17:21 | Create | Scout Cavalry |
| 17:23 | Build | Farm |
| 17:24 | Build | Farm |
| 17:33 | Create | Scout Cavalry |
| 17:37 | Build | Palisade Wall |
| 17:39 | Build | Palisade Wall |
| 18:00 | Create | Villager (Male) |
| 18:02 | Create | Scout Cavalry |
| 18:13 | Build | Palisade Wall |
| 18:19 | Build | House |
| 18:22 | Create | Villager (Male) |
| 18:31 | Research | Forging |
| 18:31 | Create | Villager (Male) |
| 18:36 | Research | Bloodlines |
| 18:44 | Create | Villager (Male) |
| 18:47 | Build | Farm |
| 19:28 | Create | Villager (Male) |
| 19:30 | Build | House |
| 19:34 | Build | Palisade Wall |
| 19:54 | Build | Farm |
| 19:54 | Build | Farm |
| 19:58 | Build | Farm |
| 20:01 | Build | Mill |
| 20:02 | Build | Farm |
| 20:05 | Build | Palisade Wall |
| 20:16 | Create | Villager (Male) |
| 20:21 | Build | Mining Camp |
| 20:22 | Create | Villager (Male) |
| 20:35 | Create | Scout Cavalry |
| 20:44 | Build | Farm |
| 20:52 | Create | Villager (Male) |
| 21:11 | Build | Palisade Wall |
| 21:13 | Build | Lumber Camp |
| 21:26 | Build | House |
| 21:28 | Build | Farm |
| 21:31 | Create | Villager (Male) |
| 21:51 | Build | Market |
| 21:56 | Create | Villager (Male) |
| 22:17 | Research | Castle Age |
| 22:17 | Research | Castle Age |
| 22:35 | Build | Palisade Wall |
| 22:38 | Research | Gold Mining |
| 22:44 | Build | House |
| 23:55 | Build | Stable |
| 24:46 | Create | Villager (Male) |
| 25:01 | Age | Castle Age |
| 25:05 | Create | Knight |
| 25:05 | Create | Knight |
| 25:10 | Build | Town Center |
| 25:11 | Create | Villager (Male) |
| 25:16 | Research | Bow Saw |
| 25:17 | Research | Chain Barding Armor |
| 25:19 | Create | Knight |
| 25:22 | Create | Knight |
| 25:34 | Build | Town Center |
| 25:53 | Create | Villager (Male) |
| 25:58 | Build | Monastery |
| 26:02 | Build | Palisade Wall |
| 26:04 | Create | Villager (Male) |
| 26:05 | Create | Knight |
Build order — Đà Lạt
First 150 of 409 actions detected
| 0:59 | Build | Town Center |
| 1:52 | Build | House |
| 2:48 | Create | Villager (Male) |
| 2:48 | Create | Villager (Male) |
| 2:48 | Create | Villager (Male) |
| 2:49 | Create | Villager (Male) |
| 2:49 | Create | Villager (Male) |
| 3:53 | Create | Villager (Male) |
| 3:53 | Create | Villager (Male) |
| 4:02 | Build | House |
| 4:16 | Build | House |
| 4:19 | Create | Villager (Male) |
| 4:19 | Create | Villager (Male) |
| 4:43 | Create | Villager (Male) |
| 4:44 | Create | Villager (Male) |
| 5:12 | Create | Villager (Male) |
| 5:12 | Create | Villager (Male) |
| 5:29 | Build | Palisade Wall |
| 5:38 | Build | Lumber Camp |
| 5:58 | Build | House |
| 6:01 | Create | Villager (Male) |
| 6:01 | Create | Villager (Male) |
| 6:02 | Create | Villager (Male) |
| 6:11 | Create | Villager (Male) |
| 6:11 | Create | Villager (Male) |
| 6:35 | Build | Palisade Wall |
| 6:36 | Build | Palisade Wall |
| 6:50 | Build | Palisade Wall |
| 6:50 | Build | Palisade Wall |
| 6:51 | Build | Palisade Wall |
| 7:16 | Create | Villager (Male) |
| 7:17 | Create | Villager (Male) |
| 7:19 | Create | Villager (Male) |
| 7:19 | Create | Villager (Male) |
| 8:15 | Build | House |
| 8:29 | Create | Villager (Male) |
| 8:29 | Create | Villager (Male) |
| 8:52 | Create | Villager (Male) |
| 8:52 | Create | Villager (Male) |
| 8:52 | Create | Villager (Male) |
| 8:58 | Build | Mill |
| 9:14 | Build | Outpost |
| 9:17 | Build | House |
| 9:32 | Create | Villager (Male) |
| 9:33 | Create | Villager (Male) |
| 9:40 | Build | House |
| 9:55 | Create | Villager (Male) |
| 9:55 | Create | Villager (Male) |
| 9:55 | Create | Villager (Male) |
| 9:55 | Create | Villager (Male) |
| 9:59 | Create | Villager (Male) |
| 9:59 | Create | Villager (Male) |
| 9:59 | Create | Villager (Male) |
| 10:06 | Build | Mill |
| 10:07 | Create | Villager (Male) |
| 11:15 | Build | Mining Camp |
| 11:30 | Research | Feudal Age |
| 11:46 | Build | Barracks |
| 11:57 | Build | Palisade Wall |
| 11:58 | Build | Palisade Wall |
| 12:12 | Build | Palisade Wall |
| 12:14 | Build | Building 804 |
| 13:01 | Build | Palisade Wall |
| 13:03 | Build | Palisade Wall |
| 13:03 | Build | Palisade Wall |
| 13:17 | Build | Palisade Wall |
| 13:18 | Build | Palisade Wall |
| 13:20 | Build | Palisade Wall |
| 13:43 | Age | Feudal Age |
| 13:45 | Create | Villager (Male) |
| 13:45 | Create | Villager (Male) |
| 13:51 | Build | Archery Range |
| 13:54 | Create | Villager (Male) |
| 14:13 | Build | Blacksmith |
| 14:33 | Build | House |
| 14:43 | Research | Castle Age |
| 14:51 | Create | Archer |
| 14:51 | Create | Archer |
| 14:51 | Create | Archer |
| 14:51 | Create | Archer |
| 14:51 | Create | Archer |
| 14:56 | Research | Fletching |
| 14:57 | Research | Fletching |
| 15:14 | Build | House |
| 15:19 | Research | Double-Bit Axe |
| 15:19 | Research | Double-Bit Axe |
| 15:36 | Build | Palisade Wall |
| 16:06 | Create | Archer |
| 16:26 | Build | Archery Range |
| 16:33 | Research | Loom |
| 16:35 | Create | Villager (Male) |
| 16:47 | Create | Villager (Male) |
| 16:55 | Build | House |
| 16:58 | Build | Palisade Wall |
| 17:23 | Age | Castle Age |
| 17:26 | Research | Crossbowman (upgrade) |
| 17:27 | Research | Bodkin Arrow |
| 17:27 | Research | Bodkin Arrow |
| 17:33 | Build | Town Center |
| 18:03 | Create | Archer ×2 |
| 18:04 | Create | Archer ×2 |
| 18:04 | Create | Archer ×2 |
| 18:16 | Create | Villager (Male) |
| 18:35 | Create | Villager (Male) |
| 18:35 | Create | Villager (Male) |
| 18:35 | Create | Villager (Male) |
| 18:35 | Create | Villager (Male) |
| 18:37 | Create | Villager (Male) |
| 18:41 | Build | Town Center |
| 18:57 | Create | Archer ×2 |
| 18:57 | Create | Archer ×2 |
| 19:41 | Create | Villager (Male) |
| 19:41 | Create | Villager (Male) |
| 19:47 | Build | Farm |
| 19:48 | Create | Archer ×4 |
| 19:49 | Create | Archer ×4 |
| 19:49 | Create | Archer |
| 20:16 | Build | Farm |
| 20:18 | Build | Farm |
| 20:23 | Create | Archer ×2 |
| 20:23 | Create | Archer ×2 |
| 20:23 | Create | Archer ×2 |
| 20:32 | Create | Villager (Male) |
| 20:32 | Create | Villager (Male) |
| 20:53 | Create | Villager (Male) |
| 20:53 | Create | Villager (Male) |
| 21:17 | Create | Villager (Male) |
| 21:17 | Create | Villager (Male) |
| 21:17 | Create | Villager (Male) |
| 21:17 | Create | Villager (Male) |
| 21:22 | Build | Farm |
| 21:23 | Build | Farm |
| 21:25 | Build | Farm |
| 21:26 | Build | Farm |
| 21:39 | Create | Villager (Male) |
| 21:39 | Create | Villager (Male) |
| 21:42 | Build | Farm |
| 21:46 | Build | Farm |
| 22:11 | Create | Villager (Male) |
| 22:11 | Create | Villager (Male) |
| 22:24 | Create | Villager (Male) |
| 22:33 | Build | Farm |
| 22:36 | Create | Villager (Male) |
| 22:37 | Create | Villager (Male) |
| 22:37 | Create | Villager (Male) |
| 22:40 | Build | Farm |
| 22:48 | Create | Villager (Male) |
| 22:48 | Create | Villager (Male) |
| 22:51 | Build | House |
| 22:52 | Build | House |
Build order — kibou
First 150 of 477 actions detected
| 0:09 | Build | Town Center |
| 0:26 | Build | Lumber Camp |
| 0:31 | Build | House |
| 0:41 | Build | House |
| 1:41 | Build | House |
| 2:02 | Build | House |
| 2:20 | Build | House |
| 2:34 | Build | House |
| 2:43 | Create | Villager (Male) |
| 2:43 | Create | Villager (Male) |
| 2:43 | Create | Villager (Male) |
| 2:53 | Create | Villager (Male) |
| 2:53 | Create | Villager (Male) |
| 4:08 | Build | House |
| 4:11 | Create | Villager (Male) |
| 4:12 | Create | Villager (Male) |
| 4:44 | Create | Villager (Male) |
| 4:45 | Create | Villager (Male) |
| 5:06 | Create | Villager (Male) |
| 5:06 | Create | Villager (Male) |
| 5:31 | Build | Lumber Camp |
| 5:32 | Create | Villager (Male) |
| 5:32 | Create | Villager (Male) |
| 5:59 | Create | Villager (Male) |
| 5:59 | Create | Villager (Male) |
| 6:25 | Create | Villager (Male) |
| 6:26 | Create | Villager (Male) |
| 6:54 | Create | Villager (Male) |
| 6:54 | Create | Villager (Male) |
| 6:55 | Create | Villager (Male) |
| 7:22 | Create | Villager (Male) |
| 7:22 | Create | Villager (Male) |
| 7:28 | Build | House |
| 7:56 | Build | Mill |
| 8:04 | Create | Villager (Male) |
| 8:04 | Create | Villager (Male) |
| 9:01 | Build | Palisade Wall |
| 9:19 | Build | Palisade Wall |
| 9:20 | Build | Palisade Wall |
| 9:24 | Research | Loom |
| 9:24 | Research | Loom |
| 9:24 | Create | Villager (Male) |
| 9:24 | Create | Villager (Male) |
| 9:24 | Create | Villager (Male) |
| 9:35 | Build | Palisade Wall |
| 9:37 | Build | Palisade Wall |
| 9:44 | Build | Palisade Wall |
| 9:45 | Build | Palisade Wall |
| 9:48 | Build | Palisade Wall |
| 9:52 | Create | Villager (Male) |
| 9:53 | Create | Villager (Male) |
| 9:58 | Create | Villager (Male) |
| 10:01 | Build | House |
| 10:04 | Create | Villager (Male) |
| 10:04 | Create | Villager (Male) |
| 10:21 | Build | Palisade Wall |
| 10:22 | Build | Palisade Wall |
| 10:34 | Build | Palisade Wall |
| 10:36 | Build | Palisade Wall |
| 10:39 | Build | Palisade Wall |
| 10:40 | Build | Palisade Wall |
| 10:49 | Create | Villager (Male) |
| 11:25 | Create | Villager (Male) |
| 11:36 | Build | Palisade Wall |
| 12:04 | Build | Barracks |
| 12:07 | Create | Villager (Male) |
| 12:18 | Create | Villager (Male) |
| 12:32 | Research | Feudal Age |
| 12:32 | Research | Feudal Age |
| 13:05 | Build | Mining Camp |
| 13:23 | Build | Mining Camp |
| 13:26 | Build | Palisade Wall |
| 13:28 | Build | Palisade Wall |
| 13:31 | Build | Palisade Wall |
| 13:31 | Build | Palisade Wall |
| 13:37 | Build | House |
| 13:39 | Build | Mill |
| 13:44 | Build | Palisade Wall |
| 13:45 | Build | Palisade Wall |
| 13:49 | Build | Palisade Wall |
| 14:08 | Create | Villager (Male) |
| 14:18 | Build | Mill |
| 14:30 | Create | Villager (Male) |
| 14:32 | Create | Villager (Male) |
| 14:54 | Age | Feudal Age |
| 14:54 | Create | Villager (Male) |
| 14:55 | Create | Villager (Male) |
| 15:01 | Build | Stone Wall |
| 15:03 | Build | Stone Wall |
| 15:09 | Create | Villager (Male) |
| 15:14 | Build | Palisade Wall |
| 15:22 | Build | Stone Wall |
| 15:28 | Create | Villager (Male) |
| 15:34 | Build | Market |
| 15:38 | Build | Blacksmith |
| 15:40 | Create | Villager (Male) |
| 15:49 | Build | Palisade Wall |
| 15:50 | Build | Palisade Wall |
| 15:58 | Create | Villager (Male) |
| 16:00 | Create | Villager (Male) |
| 16:21 | Create | Villager (Male) |
| 16:23 | Create | Villager (Male) |
| 16:29 | Build | Palisade Wall |
| 16:32 | Create | Villager (Male) |
| 16:45 | Build | Palisade Wall |
| 16:50 | Create | Villager (Male) |
| 16:52 | Create | Villager (Male) |
| 17:04 | Build | House |
| 17:27 | Build | Watch Tower |
| 17:37 | Research | Fletching |
| 17:45 | Build | Watch Tower |
| 17:57 | Create | Villager (Male) |
| 17:57 | Create | Villager (Male) |
| 17:58 | Create | Villager (Male) |
| 17:59 | Build | Farm |
| 18:00 | Create | Villager (Male) |
| 18:12 | Build | Palisade Wall |
| 18:13 | Build | Palisade Wall |
| 18:47 | Create | Villager (Male) |
| 18:49 | Create | Villager (Male) |
| 19:10 | Build | Lumber Camp |
| 19:21 | Create | Villager (Male) |
| 19:29 | Create | Villager (Male) |
| 19:48 | Create | Villager (Male) |
| 19:57 | Create | Villager (Male) |
| 20:08 | Create | Villager (Male) |
| 20:09 | Create | Villager (Male) |
| 20:09 | Create | Villager (Male) |
| 20:12 | Build | Farm |
| 20:14 | Build | Farm |
| 20:16 | Build | Farm |
| 20:18 | Build | Farm |
| 20:19 | Create | Villager (Male) |
| 20:32 | Build | House |
| 20:39 | Research | Wheelbarrow |
| 20:46 | Build | House |
| 21:00 | Build | House |
| 21:15 | Build | Lumber Camp |
| 21:21 | Build | Watch Tower |
| 21:29 | Create | Villager (Male) |
| 22:13 | Create | Villager (Male) |
| 22:31 | Create | Villager (Male) |
| 22:32 | Create | Villager (Male) |
| 22:32 | Create | Villager (Male) |
| 22:34 | Create | Villager (Male) |
| 22:35 | Create | Villager (Male) |
| 22:54 | Build | House |
| 23:00 | Create | Villager (Male) |
| 23:11 | Build | House |
| 23:14 | Build | Palisade Wall |
Build order — RogerRamjet
First 150 of 499 actions detected
| 1:00 | Build | Town Center |
| 2:57 | Create | Villager (Male) |
| 2:58 | Create | Villager (Male) |
| 2:58 | Create | Villager (Male) |
| 2:58 | Create | Villager (Male) |
| 3:46 | Build | House |
| 3:53 | Build | House |
| 3:55 | Research | Loom |
| 3:55 | Create | Villager (Male) |
| 4:07 | Create | Villager (Male) |
| 4:15 | Create | Villager (Male) |
| 4:58 | Create | Villager (Male) |
| 5:01 | Create | Villager (Male) |
| 5:47 | Create | Villager (Male) |
| 5:47 | Create | Villager (Male) |
| 6:05 | Build | Mill |
| 6:11 | Build | House |
| 6:40 | Create | Villager (Male) |
| 6:40 | Create | Villager (Male) |
| 6:41 | Create | Villager (Male) |
| 7:09 | Build | House |
| 7:11 | Create | Villager (Male) |
| 7:41 | Create | Villager (Male) |
| 8:15 | Create | Villager (Male) |
| 8:21 | Create | Villager (Male) |
| 8:28 | Build | Palisade Wall |
| 8:29 | Build | Palisade Wall |
| 8:32 | Build | Palisade Wall |
| 8:34 | Build | Palisade Wall |
| 8:50 | Build | Palisade Wall |
| 8:58 | Build | Palisade Wall |
| 9:01 | Build | Palisade Wall |
| 9:02 | Build | Palisade Wall |
| 9:07 | Build | Palisade Wall |
| 9:09 | Build | Palisade Wall |
| 9:16 | Create | Villager (Male) |
| 9:17 | Create | Villager (Male) |
| 9:21 | Build | Palisade Gate |
| 9:37 | Build | Barracks |
| 9:43 | Create | Villager (Male) |
| 9:56 | Build | House |
| 10:12 | Create | Militia |
| 10:12 | Create | Militia |
| 10:12 | Create | Militia |
| 10:38 | Create | Militia |
| 11:03 | Create | Villager (Male) |
| 11:03 | Create | Villager (Male) |
| 11:04 | Create | Villager (Male) |
| 11:04 | Create | Villager (Male) |
| 11:06 | Build | Farm |
| 11:33 | Build | Farm |
| 11:33 | Create | Villager (Male) |
| 11:33 | Create | Villager (Male) |
| 11:45 | Create | Militia |
| 11:46 | Create | Militia |
| 11:50 | Build | House |
| 12:27 | Create | Villager (Male) |
| 12:58 | Create | Villager (Male) |
| 13:04 | Build | Lumber Camp |
| 13:54 | Research | Feudal Age |
| 14:41 | Create | Villager (Male) |
| 15:05 | Build | House |
| 15:37 | Build | Palisade Wall |
| 15:38 | Build | Palisade Wall |
| 15:45 | Build | Palisade Wall |
| 15:46 | Build | Palisade Wall |
| 15:48 | Build | Palisade Wall |
| 15:49 | Create | Villager (Male) |
| 16:04 | Age | Feudal Age |
| 16:07 | Create | Spearman |
| 16:22 | Research | Man-at-Arms (upgrade) |
| 16:29 | Create | Villager (Male) |
| 16:31 | Research | Double-Bit Axe |
| 16:32 | Create | Villager (Male) |
| 16:52 | Build | Watch Tower |
| 17:13 | Create | Villager (Male) |
| 17:15 | Build | Farm |
| 17:16 | Build | Farm |
| 17:16 | Build | Farm |
| 17:34 | Create | Villager (Male) |
| 17:36 | Build | Blacksmith |
| 17:59 | Create | Villager (Male) |
| 18:02 | Create | Spearman |
| 18:05 | Create | Villager (Male) |
| 18:27 | Create | Villager (Male) |
| 19:07 | Build | House |
| 19:14 | Create | Villager (Male) |
| 19:36 | Create | Spearman |
| 19:37 | Create | Spearman |
| 19:41 | Create | Villager (Male) |
| 19:41 | Create | Villager (Male) |
| 19:41 | Create | Villager (Male) |
| 19:43 | Build | Farm |
| 19:43 | Build | Farm |
| 19:44 | Build | Farm |
| 19:46 | Create | Villager (Male) |
| 20:02 | Create | Militia |
| 20:02 | Create | Militia |
| 20:22 | Build | Mining Camp |
| 20:34 | Create | Villager (Male) |
| 20:36 | Build | Farm |
| 20:47 | Create | Villager (Male) |
| 21:07 | Create | Villager (Male) |
| 21:24 | Build | Farm |
| 21:38 | Build | Farm |
| 21:41 | Create | Villager (Male) |
| 21:53 | Build | Farm |
| 22:04 | Create | Villager (Male) |
| 22:12 | Build | Farm |
| 22:15 | Create | Villager (Male) |
| 22:31 | Build | Farm |
| 22:39 | Build | House |
| 22:46 | Build | House |
| 22:52 | Create | Villager (Male) |
| 23:23 | Create | Villager (Male) |
| 23:26 | Build | Stable |
| 23:40 | Build | Farm |
| 23:44 | Create | Villager (Male) |
| 23:51 | Build | Stone Wall |
| 23:52 | Build | Stone Wall |
| 23:54 | Build | Stone Wall |
| 23:56 | Build | Stone Wall |
| 23:58 | Build | Stone Wall |
| 23:59 | Build | Stone Wall |
| 24:04 | Build | Stone Wall |
| 24:31 | Create | Villager (Male) |
| 24:35 | Build | Stable |
| 25:09 | Create | Villager (Male) |
| 25:12 | Build | Farm |
| 25:15 | Create | Spearman |
| 25:39 | Create | Villager (Male) |
| 25:50 | Build | House |
| 25:54 | Build | Palisade Wall |
| 25:56 | Build | Palisade Wall |
| 26:01 | Build | Farm |
| 26:05 | Create | Villager (Male) |
| 26:41 | Research | Castle Age |
| 27:34 | Build | Palisade Gate |
| 27:36 | Build | Palisade Gate |
| 28:18 | Build | Stable |
| 28:26 | Build | Stable |
| 28:37 | Create | Villager (Male) |
| 28:47 | Build | Market |
| 28:50 | Research | Forging |
| 29:04 | Research | Scale Barding Armor |
| 29:07 | Build | Stone Wall |
| 29:21 | Age | Castle Age |
| 29:26 | Create | Knight |
| 29:26 | Create | Knight |
| 29:27 | Create | Knight |
Build order — Bog Sauce
First 150 of 215 actions detected
| 0:08 | Build | Town Center |
| 0:26 | Build | Mill |
| 0:32 | Build | House |
| 1:12 | Build | Palisade Wall |
| 1:15 | Build | Palisade Wall |
| 1:15 | Build | Palisade Wall |
| 2:09 | Build | Palisade Wall |
| 2:31 | Create | Villager (Male) |
| 2:44 | Create | Villager (Male) |
| 2:46 | Create | Villager (Male) |
| 3:28 | Create | Villager (Male) |
| 4:12 | Create | Villager (Male) |
| 4:31 | Create | Villager (Male) |
| 4:32 | Create | Villager (Male) |
| 4:44 | Research | Loom |
| 5:03 | Create | Villager (Male) |
| 5:05 | Build | House |
| 5:17 | Create | Villager (Male) |
| 5:56 | Create | Villager (Male) |
| 6:06 | Build | Lumber Camp |
| 6:07 | Create | Villager (Male) |
| 6:51 | Create | Villager (Male) |
| 7:06 | Create | Villager (Male) |
| 7:08 | Build | House |
| 7:10 | Create | Villager (Male) |
| 7:31 | Create | Villager (Male) |
| 7:39 | Create | Villager (Male) |
| 8:02 | Create | Villager (Male) |
| 8:10 | Create | Villager (Male) |
| 8:27 | Build | Mill |
| 8:39 | Create | Villager (Male) |
| 8:42 | Create | Villager (Male) |
| 8:44 | Build | House |
| 9:42 | Research | Feudal Age |
| 9:59 | Build | Mining Camp |
| 10:58 | Create | Villager (Male) |
| 11:07 | Build | Barracks |
| 11:54 | Age | Feudal Age |
| 11:54 | Build | Outpost |
| 11:56 | Research | Town Watch |
| 12:05 | Build | Archery Range |
| 12:08 | Create | Spearman |
| 12:14 | Create | Villager (Male) |
| 12:30 | Build | House |
| 12:40 | Research | Double-Bit Axe |
| 12:55 | Build | Watch Tower |
| 13:01 | Create | Archer |
| 13:04 | Create | Villager (Male) |
| 13:04 | Create | Villager (Male) |
| 13:43 | Create | Villager (Male) |
| 13:52 | Create | Archer |
| 13:58 | Create | Villager (Male) |
| 14:11 | Build | House |
| 14:32 | Create | Archer |
| 14:32 | Create | Villager (Male) |
| 14:55 | Create | Villager (Male) |
| 14:57 | Create | Archer |
| 14:59 | Create | Villager (Male) |
| 15:13 | Create | Villager (Male) |
| 15:27 | Build | Mining Camp |
| 15:44 | Create | Spearman |
| 16:16 | Create | Archer |
| 16:28 | Create | Villager (Male) |
| 17:05 | Create | Archer |
| 17:16 | Build | House |
| 17:19 | Build | House |
| 17:34 | Create | Villager (Male) |
| 17:56 | Create | Villager (Male) |
| 18:14 | Build | Market |
| 18:56 | Build | Watch Tower |
| 20:24 | Create | Villager (Male) |
| 20:25 | Create | Villager (Male) |
| 21:19 | Create | Villager (Male) |
| 21:28 | Build | Watch Tower |
| 21:38 | Create | Villager (Male) |
| 21:46 | Build | Mill |
| 22:15 | Create | Villager (Male) |
| 22:42 | Create | Villager (Male) |
| 22:56 | Create | Villager (Male) |
| 22:59 | Create | Villager (Male) |
| 23:30 | Build | Watch Tower |
| 23:31 | Create | Villager (Male) |
| 23:51 | Create | Villager (Male) |
| 24:00 | Create | Villager (Male) |
| 24:03 | Create | Villager (Male) |
| 24:36 | Build | Lumber Camp |
| 25:05 | Build | Blacksmith |
| 25:46 | Research | Fletching |
| 27:18 | Build | Palisade Wall |
| 30:46 | Build | Town Center |
| 31:23 | Build | Town Center |
| 32:33 | Build | Farm |
| 33:07 | Build | Farm |
| 33:20 | Build | Farm |
| 33:25 | Build | Farm |
| 33:27 | Create | Villager (Male) |
| 33:59 | Build | House |
| 34:11 | Build | Mill |
| 34:15 | Build | Farm |
| 34:20 | Build | Farm |
| 34:23 | Build | Farm |
| 34:27 | Create | Villager (Male) |
| 34:50 | Build | Farm |
| 35:01 | Create | Villager (Male) |
| 35:05 | Build | Farm |
| 35:10 | Build | House |
| 35:32 | Create | Villager (Male) |
| 35:34 | Build | Farm |
| 35:36 | Build | Farm |
| 35:46 | Build | House |
| 35:49 | Build | House |
| 35:52 | Build | House |
| 35:54 | Create | Villager (Male) |
| 36:17 | Build | Outpost |
| 36:21 | Build | Outpost |
| 36:22 | Create | Villager (Male) |
| 36:24 | Build | House |
| 36:31 | Create | Villager (Male) |
| 36:37 | Build | Farm |
| 36:43 | Build | Farm |
| 36:55 | Create | Villager (Male) |
| 37:07 | Research | Horse Collar |
| 37:34 | Build | Farm |
| 37:35 | Create | Villager (Male) |
| 37:40 | Create | Villager (Male) |
| 38:13 | Create | Villager (Male) |
| 38:20 | Build | House |
| 39:27 | Build | Outpost |
| 39:29 | Build | Outpost |
| 39:34 | Build | Outpost |
| 40:24 | Build | Palisade Wall |
| 40:25 | Build | Palisade Wall |
| 40:26 | Build | Palisade Wall |
| 40:30 | Build | Palisade Wall |
| 40:43 | Create | Villager (Male) |
| 40:45 | Create | Villager (Male) |
| 42:08 | Create | Villager (Male) |
| 42:08 | Create | Villager (Male) |
| 42:14 | Build | Outpost |
| 42:40 | Build | Farm |
| 43:07 | Create | Villager (Male) |
| 43:08 | Build | Outpost |
| 43:10 | Create | Villager (Male) |
| 43:17 | Build | Mill |
| 43:37 | Build | Lumber Camp |
| 43:50 | Build | Outpost |
| 43:59 | Create | Villager (Male) |
| 44:09 | Create | Villager (Male) |
| 44:26 | Create | Villager (Male) |
| 44:27 | Create | Villager (Male) |
Build order — 连青人
First 150 of 493 actions detected
| 0:09 | Build | Town Center |
| 1:55 | Build | House |
| 2:25 | Create | Villager (Male) |
| 2:25 | Create | Villager (Male) |
| 2:25 | Create | Villager (Male) |
| 2:31 | Create | Villager (Male) |
| 2:31 | Create | Villager (Male) |
| 3:40 | Build | House |
| 3:42 | Create | Villager (Male) |
| 4:09 | Create | Villager (Male) |
| 4:09 | Create | Villager (Male) |
| 4:13 | Build | Lumber Camp |
| 4:31 | Create | Villager (Male) |
| 4:46 | Research | Loom |
| 4:46 | Create | Villager (Male) |
| 5:16 | Create | Villager (Male) |
| 5:17 | Create | Villager (Male) |
| 5:18 | Create | Villager (Male) |
| 5:36 | Build | House |
| 5:46 | Create | Villager (Male) |
| 6:08 | Create | Villager (Male) |
| 6:24 | Create | Villager (Male) |
| 6:24 | Create | Villager (Male) |
| 6:41 | Build | House |
| 6:47 | Create | Villager (Male) |
| 6:55 | Create | Villager (Male) |
| 6:55 | Create | Villager (Male) |
| 7:06 | Create | Villager (Male) |
| 7:07 | Create | Villager (Male) |
| 7:15 | Build | Mining Camp |
| 7:25 | Create | Villager (Male) |
| 7:51 | Create | Villager (Male) |
| 7:51 | Create | Villager (Male) |
| 8:17 | Create | Villager (Male) |
| 8:29 | Create | Villager (Male) |
| 9:14 | Research | Feudal Age |
| 9:43 | Build | Barracks |
| 9:48 | Create | Villager (Male) |
| 10:15 | Build | House |
| 10:26 | Create | Villager (Male) |
| 10:55 | Build | House |
| 10:58 | Build | Palisade Wall |
| 11:24 | Age | Feudal Age |
| 11:29 | Build | Archery Range |
| 11:32 | Research | Double-Bit Axe |
| 11:53 | Create | Villager (Male) |
| 12:11 | Create | Archer |
| 12:18 | Build | Blacksmith |
| 12:20 | Create | Villager (Male) |
| 12:28 | Create | Archer |
| 12:29 | Create | Villager (Male) |
| 12:48 | Create | Archer |
| 12:49 | Build | House |
| 12:53 | Create | Villager (Male) |
| 13:06 | Research | Fletching |
| 13:15 | Create | Spearman |
| 13:19 | Create | Villager (Male) |
| 13:22 | Build | Archery Range |
| 13:47 | Create | Villager (Male) |
| 13:48 | Build | House |
| 14:07 | Create | Archer |
| 14:14 | Create | Villager (Male) |
| 14:30 | Create | Archer |
| 14:30 | Create | Archer |
| 14:58 | Create | Villager (Male) |
| 15:00 | Create | Archer |
| 15:00 | Create | Archer |
| 15:01 | Create | Villager (Male) |
| 15:04 | Build | Mill |
| 15:06 | Build | House |
| 15:08 | Build | Palisade Wall |
| 15:21 | Create | Archer |
| 15:22 | Create | Archer |
| 15:26 | Create | Villager (Male) |
| 15:34 | Build | Watch Tower |
| 15:37 | Create | Villager (Male) |
| 15:41 | Build | Palisade Wall |
| 15:43 | Build | Palisade Wall |
| 15:54 | Create | Villager (Male) |
| 15:59 | Create | Archer |
| 15:59 | Create | Archer |
| 16:18 | Create | Villager (Male) |
| 16:47 | Create | Villager (Male) |
| 16:49 | Create | Villager (Male) |
| 16:51 | Build | Farm |
| 16:58 | Build | Stone Wall |
| 16:58 | Build | Stone Wall |
| 17:00 | Create | Archer |
| 17:03 | Create | Villager (Male) |
| 17:29 | Create | Villager (Male) |
| 17:47 | Create | Archer |
| 17:47 | Create | Archer |
| 17:53 | Build | House |
| 17:57 | Build | House |
| 17:59 | Build | Market |
| 18:04 | Create | Archer |
| 18:27 | Create | Villager (Male) |
| 18:38 | Build | Mill |
| 18:48 | Build | Farm |
| 18:48 | Create | Villager (Male) |
| 19:03 | Build | Outpost |
| 19:54 | Build | Mining Camp |
| 20:09 | Create | Villager (Male) |
| 20:16 | Build | Palisade Gate |
| 20:18 | Build | Palisade Wall |
| 20:20 | Create | Villager (Male) |
| 20:24 | Build | Farm |
| 20:26 | Build | Farm |
| 20:57 | Build | Farm |
| 21:31 | Create | Villager (Male) |
| 21:31 | Create | Villager (Male) |
| 21:52 | Build | Mill |
| 22:03 | Build | House |
| 22:29 | Research | Castle Age |
| 22:34 | Build | Lumber Camp |
| 22:37 | Research | Padded Archer Armor |
| 22:58 | Build | House |
| 22:59 | Build | House |
| 23:11 | Create | Archer |
| 23:11 | Create | Archer |
| 23:50 | Create | Villager (Male) |
| 23:51 | Create | Archer |
| 23:52 | Create | Archer |
| 23:58 | Build | House |
| 24:01 | Build | Farm |
| 24:03 | Research | Horse Collar |
| 24:09 | Create | Archer |
| 24:09 | Create | Archer |
| 24:20 | Build | House |
| 25:09 | Age | Castle Age |
| 25:15 | Build | Siege Workshop |
| 25:16 | Create | Villager (Male) |
| 25:22 | Build | Town Center |
| 25:28 | Research | Crossbowman (upgrade) |
| 25:29 | Research | Bodkin Arrow |
| 25:30 | Create | Villager (Male) |
| 25:43 | Build | Town Center |
| 25:44 | Create | Mangonel |
| 26:01 | Build | Town Center |
| 26:17 | Create | Archer |
| 26:17 | Create | Archer |
| 26:20 | Create | Villager (Male) |
| 26:22 | Build | House |
| 26:27 | Create | Villager (Male) |
| 26:45 | Create | Mangonel |
| 26:46 | Create | Villager (Male) |
| 26:51 | Create | Archer |
| 27:13 | Create | Villager (Male) |
| 27:34 | Build | Town Center |
| 27:36 | Create | Villager (Male) |
Build order — Mau5
First 150 of 595 actions detected
| 0:11 | Build | Town Center |
| 2:17 | Build | House |
| 2:29 | Create | Villager (Male) |
| 2:31 | Create | Villager (Male) |
| 2:31 | Create | Villager (Male) |
| 2:31 | Create | Villager (Male) |
| 3:21 | Create | Villager (Male) |
| 3:39 | Build | House |
| 4:21 | Create | Villager (Male) |
| 4:21 | Create | Villager (Male) |
| 4:23 | Build | House |
| 4:40 | Create | Villager (Male) |
| 4:48 | Build | Lumber Camp |
| 4:55 | Create | Villager (Male) |
| 5:18 | Create | Villager (Male) |
| 5:35 | Create | Villager (Male) |
| 5:49 | Create | Villager (Male) |
| 6:04 | Build | House |
| 6:16 | Create | Villager (Male) |
| 6:53 | Build | House |
| 7:10 | Create | Villager (Male) |
| 7:42 | Create | Villager (Male) |
| 7:44 | Create | Villager (Male) |
| 8:03 | Create | Villager (Male) |
| 8:23 | Build | House |
| 8:44 | Build | Palisade Wall |
| 8:49 | Build | House |
| 8:56 | Create | Villager (Male) |
| 9:02 | Build | House |
| 9:11 | Create | Villager (Male) |
| 9:12 | Build | Mill |
| 9:14 | Build | House |
| 9:25 | Build | Palisade Wall |
| 9:55 | Create | Villager (Male) |
| 9:56 | Create | Villager (Male) |
| 10:11 | Create | Villager (Male) |
| 10:49 | Research | Loom |
| 11:21 | Build | House |
| 11:27 | Research | Feudal Age |
| 11:27 | Research | Feudal Age |
| 12:00 | Create | Villager (Male) |
| 12:01 | Create | Villager (Male) |
| 12:16 | Build | Barracks |
| 12:19 | Create | Villager (Male) |
| 12:48 | Build | Palisade Wall |
| 12:50 | Build | Palisade Wall |
| 12:55 | Create | Villager (Male) |
| 12:58 | Build | Palisade Wall |
| 12:59 | Build | Palisade Wall |
| 13:02 | Build | Palisade Wall |
| 13:03 | Build | Palisade Wall |
| 13:18 | Build | Palisade Wall |
| 13:29 | Create | Villager (Male) |
| 13:49 | Age | Feudal Age |
| 13:51 | Build | Archery Range |
| 13:53 | Build | Blacksmith |
| 13:55 | Build | House |
| 14:02 | Build | Palisade Wall |
| 14:04 | Build | Palisade Wall |
| 14:23 | Build | Market |
| 14:35 | Build | Archery Range |
| 14:38 | Research | Castle Age |
| 14:38 | Research | Castle Age |
| 14:48 | Build | Palisade Wall |
| 14:50 | Build | Palisade Wall |
| 14:54 | Build | House |
| 15:00 | Research | Fletching |
| 15:02 | Create | Archer |
| 15:22 | Create | Archer |
| 15:31 | Research | Double-Bit Axe |
| 15:38 | Create | Archer |
| 15:38 | Create | Archer |
| 15:46 | Create | Archer |
| 15:46 | Create | Archer |
| 16:05 | Build | House |
| 16:06 | Build | House |
| 16:10 | Create | Archer |
| 16:12 | Create | Villager (Male) |
| 16:12 | Create | Villager (Male) |
| 16:17 | Create | Archer |
| 16:17 | Create | Archer |
| 16:32 | Build | Palisade Wall |
| 16:33 | Build | Palisade Wall |
| 16:34 | Build | Palisade Wall |
| 16:45 | Create | Archer |
| 17:19 | Age | Castle Age |
| 17:22 | Research | Crossbowman (upgrade) |
| 17:27 | Research | Bodkin Arrow |
| 17:36 | Create | Archer |
| 17:54 | Build | Farm |
| 18:03 | Research | Crossbowman (upgrade) |
| 18:03 | Research | Crossbowman (upgrade) |
| 18:09 | Build | House |
| 18:30 | Create | Archer |
| 18:30 | Create | Archer |
| 18:33 | Create | Villager (Male) |
| 18:33 | Create | Villager (Male) |
| 19:21 | Create | Archer |
| 19:21 | Create | Archer |
| 19:22 | Create | Archer |
| 19:29 | Create | Villager (Male) |
| 19:29 | Create | Villager (Male) |
| 19:29 | Create | Villager (Male) |
| 19:31 | Create | Archer |
| 19:32 | Create | Villager (Male) |
| 19:40 | Build | Town Center |
| 20:01 | Create | Archer |
| 20:03 | Create | Archer |
| 20:06 | Create | Villager (Male) |
| 20:19 | Create | Villager (Male) |
| 20:24 | Research | Horse Collar |
| 20:24 | Research | Horse Collar |
| 20:41 | Create | Villager (Male) |
| 20:42 | Build | Farm |
| 20:45 | Build | Farm |
| 20:46 | Build | Farm |
| 21:14 | Create | Archer |
| 21:15 | Create | Archer |
| 21:19 | Create | Villager (Male) |
| 21:21 | Create | Villager (Male) |
| 21:21 | Create | Villager (Male) |
| 22:07 | Create | Archer |
| 22:07 | Create | Archer |
| 22:12 | Create | Archer |
| 22:29 | Create | Archer |
| 22:42 | Create | Villager (Male) |
| 22:45 | Build | Town Center |
| 22:51 | Build | Lumber Camp |
| 22:53 | Create | Villager (Male) |
| 22:57 | Build | Farm |
| 22:58 | Build | Farm |
| 22:59 | Build | Farm |
| 23:15 | Create | Archer |
| 23:16 | Create | Archer |
| 23:24 | Create | Villager (Male) |
| 23:35 | Research | Padded Archer Armor |
| 24:23 | Create | Villager (Male) |
| 24:24 | Create | Villager (Male) |
| 24:25 | Create | Villager (Male) |
| 24:25 | Create | Villager (Male) |
| 24:25 | Create | Villager (Male) |
| 24:36 | Create | Archer |
| 24:36 | Create | Archer |
| 24:43 | Create | Archer |
| 24:43 | Create | Archer |
| 24:43 | Create | Archer |
| 24:43 | Create | Archer |
| 24:44 | Create | Archer |
| 24:44 | Create | Archer |
| 24:55 | Create | Villager (Male) |
Build order — III
First 150 of 542 actions detected
| 0:50 | Build | Town Center |
| 1:53 | Build | House |
| 2:51 | Build | House |
| 2:52 | Create | Villager (Male) |
| 3:03 | Create | Villager (Male) |
| 3:03 | Create | Villager (Male) |
| 3:03 | Create | Villager (Male) |
| 3:07 | Build | House |
| 3:23 | Build | House |
| 3:36 | Build | House |
| 3:53 | Create | Villager (Male) |
| 3:53 | Create | Villager (Male) |
| 4:53 | Create | Villager (Male) |
| 4:53 | Create | Villager (Male) |
| 5:00 | Build | House |
| 5:28 | Build | House |
| 5:34 | Build | Lumber Camp |
| 5:38 | Create | Villager (Male) |
| 5:38 | Create | Villager (Male) |
| 6:12 | Create | Villager (Male) |
| 6:12 | Create | Villager (Male) |
| 6:27 | Create | Villager (Male) |
| 6:31 | Create | Villager (Male) |
| 6:31 | Create | Villager (Male) |
| 6:58 | Build | House |
| 7:18 | Build | House |
| 7:35 | Build | House |
| 7:54 | Create | Villager (Male) |
| 7:55 | Create | Villager (Male) |
| 8:24 | Create | Villager (Male) |
| 8:36 | Build | Mill |
| 8:47 | Research | Loom |
| 8:52 | Build | House |
| 9:09 | Build | House |
| 9:51 | Build | House |
| 10:02 | Research | Feudal Age |
| 10:02 | Research | Feudal Age |
| 10:21 | Build | House |
| 10:39 | Build | Barracks |
| 11:09 | Build | House |
| 11:19 | Create | Villager (Male) |
| 11:19 | Create | Villager (Male) |
| 12:12 | Age | Feudal Age |
| 12:13 | Build | Stable |
| 12:14 | Research | Double-Bit Axe |
| 12:33 | Build | Mining Camp |
| 12:37 | Build | Mining Camp |
| 12:39 | Create | Villager (Male) |
| 12:52 | Build | House |
| 12:52 | Build | House |
| 12:55 | Create | Scout Cavalry |
| 12:55 | Create | Scout Cavalry |
| 13:01 | Create | Villager (Male) |
| 13:10 | Create | Spearman |
| 13:41 | Create | Villager (Male) |
| 13:55 | Create | Scout Cavalry |
| 13:55 | Create | Scout Cavalry |
| 14:20 | Create | Villager (Male) |
| 14:32 | Build | Mill |
| 14:39 | Create | Scout Cavalry |
| 14:43 | Create | Villager (Male) |
| 15:10 | Create | Villager (Male) |
| 15:23 | Create | Villager (Male) |
| 15:27 | Build | Mill |
| 15:34 | Create | Scout Cavalry |
| 15:49 | Create | Villager (Male) |
| 15:51 | Build | House |
| 15:51 | Build | House |
| 15:52 | Build | House |
| 16:04 | Create | Scout Cavalry |
| 16:04 | Create | Scout Cavalry |
| 16:16 | Create | Villager (Male) |
| 16:36 | Create | Scout Cavalry |
| 16:37 | Create | Villager (Male) |
| 16:52 | Build | Blacksmith |
| 16:57 | Create | Scout Cavalry |
| 17:10 | Create | Villager (Male) |
| 17:11 | Create | Scout Cavalry |
| 17:36 | Create | Scout Cavalry |
| 17:37 | Create | Villager (Male) |
| 18:01 | Create | Scout Cavalry |
| 18:03 | Create | Villager (Male) |
| 18:15 | Build | Mill |
| 18:19 | Create | Scout Cavalry |
| 18:25 | Research | Bloodlines |
| 18:29 | Create | Villager (Male) |
| 18:41 | Create | Villager (Male) |
| 18:43 | Build | House |
| 18:43 | Build | House |
| 18:44 | Build | House |
| 18:44 | Build | House |
| 18:45 | Build | Palisade Wall |
| 18:49 | Build | House |
| 18:49 | Build | House |
| 18:59 | Research | Scale Barding Armor |
| 19:13 | Build | Watch Tower |
| 19:30 | Create | Villager (Male) |
| 19:50 | Build | House |
| 19:51 | Build | House |
| 19:52 | Build | House |
| 20:09 | Create | Villager (Male) |
| 20:09 | Create | Villager (Male) |
| 20:26 | Build | Farm |
| 20:27 | Build | Farm |
| 20:28 | Build | Farm |
| 20:28 | Build | Farm |
| 20:36 | Build | House |
| 20:37 | Build | House |
| 20:40 | Build | House |
| 21:30 | Build | Market |
| 22:13 | Create | Villager (Male) |
| 22:41 | Build | Mill |
| 22:45 | Create | Villager (Male) |
| 22:45 | Create | Villager (Male) |
| 22:45 | Create | Villager (Male) |
| 23:06 | Build | Farm |
| 23:28 | Create | Villager (Male) |
| 23:28 | Create | Villager (Male) |
| 23:30 | Build | Farm |
| 23:38 | Build | Farm |
| 23:39 | Build | Farm |
| 23:40 | Build | Farm |
| 23:41 | Build | Farm |
| 23:42 | Build | Farm |
| 23:42 | Build | Farm |
| 23:48 | Build | House |
| 23:58 | Create | Villager (Male) |
| 24:04 | Build | Mining Camp |
| 24:10 | Create | Villager (Male) |
| 24:10 | Create | Villager (Male) |
| 24:12 | Build | Farm |
| 24:14 | Build | Farm |
| 24:17 | Build | Farm |
| 24:21 | Create | Villager (Male) |
| 25:06 | Research | Wheelbarrow |
| 25:52 | Create | Villager (Male) |
| 27:20 | Create | Villager (Male) |
| 27:21 | Create | Villager (Male) |
| 27:43 | Build | Mill |
| 28:12 | Create | Villager (Male) |
| 28:34 | Research | Castle Age |
| 28:34 | Research | Castle Age |
| 28:54 | Build | Watch Tower |
| 29:25 | Build | Lumber Camp |
| 29:29 | Build | Mining Camp |
| 29:50 | Research | Horse Collar |
| 30:38 | Create | Villager (Male) |
| 30:40 | Research | Fletching |
| 30:40 | Research | Fletching |
| 30:47 | Build | Archery Range |
Match timeline
| 1:12 | Bog Sauce · wall_segment Palisade Wall x1 |
| 1:15 | Bog Sauce · wall_segment Palisade Wall x1 |
| 1:15 | Bog Sauce · wall_segment Palisade Wall x1 |
| 2:09 | Bog Sauce · wall_segment Palisade Wall x1 |
| 5:29 | Đà Lạt · wall_segment Palisade Wall x1 |
| 6:35 | Đà Lạt · wall_segment Palisade Wall x1 |
| 6:36 | Đà Lạt · wall_segment Palisade Wall x1 |
| 6:50 | Đà Lạt · wall_segment Palisade Wall x1 |
| 6:50 | Đà Lạt · wall_segment Palisade Wall x1 |
| 6:51 | Đà Lạt · wall_segment Palisade Wall x1 |
| 8:28 | RogerRamjet · wall_segment Palisade Wall x1 |
| 8:29 | RogerRamjet · wall_segment Palisade Wall x1 |
| 8:32 | RogerRamjet · wall_segment Palisade Wall x1 |
| 8:34 | RogerRamjet · wall_segment Palisade Wall x1 |
| 8:44 | Mau5 · wall_segment Palisade Wall x1 |
| 8:50 | RogerRamjet · wall_segment Palisade Wall x1 |
| 8:58 | RogerRamjet · wall_segment Palisade Wall x1 |
| 9:01 | RogerRamjet · wall_segment Palisade Wall x1 |
| 9:01 | kibou · wall_segment Palisade Wall x1 |
| 9:02 | RogerRamjet · wall_segment Palisade Wall x1 |
| 9:07 | RogerRamjet · wall_segment Palisade Wall x1 |
| 9:09 | RogerRamjet · wall_segment Palisade Wall x1 |
| 9:19 | kibou · wall_segment Palisade Wall x1 |
| 9:20 | kibou · wall_segment Palisade Wall x1 |
| 9:25 | Mau5 · wall_segment Palisade Wall x1 |
| 9:35 | kibou · wall_segment Palisade Wall x1 |
| 9:37 | kibou · wall_segment Palisade Wall x1 |
| 9:37 | RogerRamjet · first_building Barracks |
| 9:43 | 连青人 · first_building Barracks |
| 9:44 | kibou · wall_segment Palisade Wall x1 |
| 9:45 | kibou · wall_segment Palisade Wall x1 |
| 9:48 | kibou · wall_segment Palisade Wall x1 |
| 10:21 | kibou · wall_segment Palisade Wall x1 |
| 10:22 | kibou · wall_segment Palisade Wall x1 |
| 10:34 | kibou · wall_segment Palisade Wall x1 |
| 10:36 | kibou · wall_segment Palisade Wall x1 |
| 10:39 | kibou · wall_segment Palisade Wall x1 |
| 10:39 | III · first_building Barracks |
| 10:40 | kibou · wall_segment Palisade Wall x1 |
| 10:49 | 香香瓜子壳 · first_building Barracks |
| 10:58 | 连青人 · wall_segment Palisade Wall x3 |
| 11:07 | Bog Sauce · first_building Barracks |
| 11:24 | 连青人 · age_up feudal |
| 11:29 | 连青人 · first_building Archery Range |
| 11:36 | kibou · wall_segment Palisade Wall x8 |
| 11:46 | Đà Lạt · first_building Barracks |
| 11:47 | 香香瓜子壳 · age_up feudal |
| 11:51 | 香香瓜子壳 · first_building Stable |
| 11:54 | Bog Sauce · age_up feudal |
| 11:57 | Đà Lạt · wall_segment Palisade Wall x1 |
| 11:58 | Đà Lạt · wall_segment Palisade Wall x1 |
| 12:04 | kibou · first_building Barracks |
| 12:05 | Bog Sauce · first_building Archery Range |
| 12:12 | Đà Lạt · wall_segment Palisade Wall x5 |
| 12:12 | III · age_up feudal |
| 12:13 | III · first_building Stable |
| 12:16 | Mau5 · first_building Barracks |
| 12:29 | 香香瓜子壳 · wall_segment Palisade Wall x1 |
| 12:30 | 香香瓜子壳 · wall_segment Palisade Wall x1 |
| 12:48 | Mau5 · wall_segment Palisade Wall x1 |
| 12:48 | 香香瓜子壳 · wall_segment Palisade Wall x1 |
| 12:49 | 香香瓜子壳 · wall_segment Palisade Wall x1 |
| 12:50 | Mau5 · wall_segment Palisade Wall x4 |
| 12:50 | 香香瓜子壳 · wall_segment Palisade Wall x1 |
| 12:53 | 香香瓜子壳 · wall_segment Palisade Wall x1 |
| 12:58 | Mau5 · wall_segment Palisade Wall x1 |
| 12:59 | Mau5 · wall_segment Palisade Wall x1 |
| 13:01 | Đà Lạt · wall_segment Palisade Wall x1 |
| 13:02 | Mau5 · wall_segment Palisade Wall x4 |
| 13:03 | Đà Lạt · wall_segment Palisade Wall x1 |
| 13:03 | Mau5 · wall_segment Palisade Wall x3 |
| 13:03 | Đà Lạt · wall_segment Palisade Wall x1 |
| 13:05 | 香香瓜子壳 · wall_segment Palisade Wall x1 |
| 13:17 | Đà Lạt · wall_segment Palisade Wall x1 |
| 13:18 | Mau5 · wall_segment Palisade Wall x1 |
| 13:18 | Đà Lạt · wall_segment Palisade Wall x1 |
| 13:20 | Đà Lạt · wall_segment Palisade Wall x1 |
| 13:26 | kibou · wall_segment Palisade Wall x1 |
| 13:28 | kibou · wall_segment Palisade Wall x1 |
| 13:31 | kibou · wall_segment Palisade Wall x1 |
| 13:31 | kibou · wall_segment Palisade Wall x1 |
| 13:43 | Đà Lạt · age_up feudal |
| 13:44 | kibou · wall_segment Palisade Wall x1 |
| 13:45 | kibou · wall_segment Palisade Wall x1 |
| 13:49 | kibou · wall_segment Palisade Wall x1 |
| 13:49 | Mau5 · age_up feudal |
| 13:51 | Đà Lạt · first_building Archery Range |
| 13:51 | Mau5 · first_building Archery Range |
| 14:02 | Mau5 · wall_segment Palisade Wall x1 |
| 14:04 | Mau5 · wall_segment Palisade Wall x3 |
| 14:48 | Mau5 · wall_segment Palisade Wall x1 |
| 14:50 | Mau5 · wall_segment Palisade Wall x1 |
| 14:54 | kibou · age_up feudal |
| 15:01 | kibou · wall_segment Stone Wall x1 |
| 15:03 | kibou · wall_segment Stone Wall x1 |
| 15:08 | 连青人 · wall_segment Palisade Wall x1 |
| 15:14 | kibou · wall_segment Palisade Wall x1 |
| 15:22 | kibou · wall_segment Stone Wall x1 |
| 15:35 | 香香瓜子壳 · wall_segment Palisade Wall x1 |
| 15:36 | Đà Lạt · wall_segment Palisade Wall x1 |
| 15:37 | 香香瓜子壳 · wall_segment Palisade Wall x1 |
| 15:37 | RogerRamjet · wall_segment Palisade Wall x1 |
| 15:37 | 香香瓜子壳 · wall_segment Palisade Wall x1 |
| 15:38 | 香香瓜子壳 · wall_segment Palisade Wall x1 |
| 15:38 | RogerRamjet · wall_segment Palisade Wall x1 |
| 15:39 | 香香瓜子壳 · wall_segment Palisade Wall x1 |
| 15:41 | 连青人 · wall_segment Palisade Wall x1 |
| 15:43 | 连青人 · wall_segment Palisade Wall x18 |
| 15:44 | Mau5 · first_market_sell 100 wood |
| 15:45 | RogerRamjet · wall_segment Palisade Wall x1 |
| 15:46 | RogerRamjet · wall_segment Palisade Wall x1 |
| 15:48 | RogerRamjet · wall_segment Palisade Wall x1 |
| 15:49 | kibou · wall_segment Palisade Wall x1 |
| 15:50 | kibou · wall_segment Palisade Wall x1 |
| 16:04 | 香香瓜子壳 · wall_segment Palisade Wall x4 |
| 16:04 | RogerRamjet · age_up feudal |
| 16:29 | kibou · wall_segment Palisade Wall x1 |
| 16:32 | Mau5 · wall_segment Palisade Wall x1 |
| 16:33 | Mau5 · wall_segment Palisade Wall x1 |
| 16:34 | Mau5 · wall_segment Palisade Wall x2 |
| 16:45 | kibou · wall_segment Palisade Wall x1 |
| 16:58 | 连青人 · wall_segment Stone Wall x1 |
| 16:58 | Đà Lạt · wall_segment Palisade Wall x4 |
| 16:58 | 连青人 · wall_segment Stone Wall x1 |
| 17:19 | Mau5 · age_up castle |
| 17:23 | Đà Lạt · age_up castle |
| 17:37 | 香香瓜子壳 · wall_segment Palisade Wall x1 |
| 17:39 | 香香瓜子壳 · wall_segment Palisade Wall x6 |
| 18:12 | kibou · wall_segment Palisade Wall x1 |
| 18:13 | 香香瓜子壳 · wall_segment Palisade Wall x6 |
| 18:13 | kibou · wall_segment Palisade Wall x1 |
| 18:39 | Bog Sauce · first_market_buy 100 stone |
| 18:45 | III · wall_segment Palisade Wall x1 |
| 19:34 | 香香瓜子壳 · wall_segment Palisade Wall x9 |
| 20:05 | 香香瓜子壳 · wall_segment Palisade Wall x7 |
| 20:18 | 连青人 · wall_segment Palisade Wall x1 |
| 21:11 | 香香瓜子壳 · wall_segment Palisade Wall x1 |
| 21:42 | 连青人 · first_market_buy 100 food |
| 22:08 | 连青人 · first_market_sell 100 wood |
| 22:12 | III · first_market_buy 100 food |
| 22:35 | 香香瓜子壳 · wall_segment Palisade Wall x1 |
| 23:14 | kibou · wall_segment Palisade Wall x1 |
| 23:15 | kibou · wall_segment Palisade Wall x1 |
| 23:26 | RogerRamjet · first_building Stable |
| 23:51 | RogerRamjet · wall_segment Stone Wall x1 |
| 23:52 | RogerRamjet · wall_segment Stone Wall x1 |
| 23:54 | RogerRamjet · wall_segment Stone Wall x1 |
| 23:56 | RogerRamjet · wall_segment Stone Wall x1 |
| 23:58 | RogerRamjet · wall_segment Stone Wall x1 |
| 23:59 | RogerRamjet · wall_segment Stone Wall x1 |
| 24:04 | RogerRamjet · wall_segment Stone Wall x1 |
| 25:01 | 香香瓜子壳 · age_up castle |
| 25:09 | 连青人 · age_up castle |
| 25:15 | 连青人 · first_building Siege Workshop |
| 25:47 | Mau5 · first_building Siege Workshop |
| 25:54 | RogerRamjet · wall_segment Palisade Wall x10 |
| 25:56 | RogerRamjet · wall_segment Palisade Wall x2 |
| 25:58 | 香香瓜子壳 · first_building Monastery |
| 26:02 | 香香瓜子壳 · wall_segment Palisade Wall x1 |
| 27:18 | Bog Sauce · wall_segment Palisade Wall x1 |
| 28:27 | III · first_market_sell 100 wood |
| 28:53 | 香香瓜子壳 · wall_segment Palisade Wall x1 |
| 29:00 | 香香瓜子壳 · first_building Siege Workshop |
| 29:07 | RogerRamjet · wall_segment Stone Wall x1 |
| 29:21 | RogerRamjet · age_up castle |
| 29:23 | 连青人 · first_building Monastery |
| 29:44 | RogerRamjet · first_market_buy 100 food |
| 30:47 | III · first_building Archery Range |
| 30:50 | Đà Lạt · first_building Siege Workshop |
| 31:14 | III · age_up castle |
| 31:15 | RogerRamjet · first_building Castle |
| 33:25 | Mau5 · first_building Castle |
| 33:50 | 连青人 · first_building Castle |
| 34:02 | Đà Lạt · first_building Castle |
| 35:21 | Đà Lạt · first_market_buy 100 food |
| 36:29 | 香香瓜子壳 · age_up imperial |
| 36:41 | 香香瓜子壳 · first_market_sell 100 food |
| 36:54 | kibou · age_up castle |
| 36:56 | kibou · first_building Castle |
| 37:39 | Mau5 · first_market_buy 100 food |
| 37:52 | 连青人 · first_building Stable |
| 38:40 | Mau5 · first_building Stable |
| 38:56 | III · first_building Siege Workshop |
| 39:00 | Đà Lạt · age_up imperial |
| 40:14 | RogerRamjet · wall_segment Stone Wall x5 |
| 40:15 | RogerRamjet · wall_segment Stone Wall x1 |
| 40:16 | RogerRamjet · wall_segment Stone Wall x1 |
| 40:19 | RogerRamjet · wall_segment Stone Wall x1 |
| 40:24 | Bog Sauce · wall_segment Palisade Wall x1 |
| 40:25 | Bog Sauce · wall_segment Palisade Wall x1 |
| 40:26 | Bog Sauce · wall_segment Palisade Wall x1 |
| 40:30 | Bog Sauce · wall_segment Palisade Wall x1 |
| 40:45 | RogerRamjet · wall_segment Stone Wall x1 |
| 40:48 | RogerRamjet · wall_segment Stone Wall x1 |
| 40:51 | Mau5 · age_up imperial |
| 41:32 | 香香瓜子壳 · first_market_buy 100 stone |
| 41:36 | 香香瓜子壳 · first_building Castle |
| 41:39 | Đà Lạt · first_market_sell 100 stone |
| 41:57 | 连青人 · age_up imperial |
| 42:00 | RogerRamjet · wall_segment Stone Wall x7 |
| 42:53 | RogerRamjet · age_up imperial |
| 43:12 | RogerRamjet · first_market_sell 100 food |
| 45:07 | 香香瓜子壳 · wall_segment Palisade Wall x1 |
| 45:10 | 香香瓜子壳 · wall_segment Palisade Wall x1 |
| 45:49 | Bog Sauce · wall_segment Palisade Wall x1 |
| 48:05 | III · first_building Castle |
| 48:53 | 连青人 · tribute_sent a jugador 1 |
| 48:53 | 连青人 · tribute_sent a jugador 2 |
| 48:53 | 连青人 · tribute_sent a jugador 3 |
| 48:53 | 连青人 · tribute_sent a jugador 4 |
| 48:53 | 连青人 · tribute_sent a jugador 5 |
| 48:53 | 连青人 · tribute_sent a jugador 7 |
| 48:53 | 连青人 · tribute_sent a jugador 8 |
| 49:34 | Mau5 · tribute_sent a jugador 1 |
| 49:34 | Mau5 · tribute_sent a jugador 2 |
| 49:34 | Mau5 · tribute_sent a jugador 3 |
| 49:34 | Mau5 · tribute_sent a jugador 4 |
| 49:34 | Mau5 · tribute_sent a jugador 5 |
| 49:34 | Mau5 · tribute_sent a jugador 6 |
| 49:34 | Mau5 · tribute_sent a jugador 8 |
| 50:04 | kibou · first_market_sell 500 food |
| 51:44 | kibou · wall_segment Palisade Wall x1 |
| 51:46 | kibou · wall_segment Palisade Wall x1 |
| 51:46 | kibou · wall_segment Palisade Wall x1 |
| 51:54 | Bog Sauce · wall_segment Palisade Wall x1 |
| 51:56 | Bog Sauce · wall_segment Palisade Wall x1 |
| 51:57 | Bog Sauce · wall_segment Palisade Wall x1 |
| 51:58 | Bog Sauce · wall_segment Palisade Wall x1 |
| 52:00 | Bog Sauce · wall_segment Palisade Wall x1 |
| 52:06 | III · age_up imperial |
| 52:37 | Bog Sauce · age_up castle |
| 52:48 | Bog Sauce · first_building Monastery |
| 53:04 | Bog Sauce · first_market_sell 100 food |
| 53:19 | kibou · age_up imperial |
| 53:55 | 连青人 · tribute_sent a jugador 1 |
| 53:55 | 连青人 · tribute_sent a jugador 2 |
| 53:55 | 连青人 · tribute_sent a jugador 3 |
| 53:55 | 连青人 · tribute_sent a jugador 4 |
| 53:55 | 连青人 · tribute_sent a jugador 5 |
| 53:55 | 连青人 · tribute_sent a jugador 7 |
| 53:55 | 连青人 · tribute_sent a jugador 8 |
| 54:24 | 连青人 · tribute_sent a jugador 1 |
| 54:24 | 连青人 · tribute_sent a jugador 2 |
| 54:24 | 连青人 · tribute_sent a jugador 3 |
| 54:24 | 连青人 · tribute_sent a jugador 4 |
| 54:24 | 连青人 · tribute_sent a jugador 5 |
| 54:24 | 连青人 · tribute_sent a jugador 7 |
| 54:24 | 连青人 · tribute_sent a jugador 8 |
| 54:46 | Mau5 · wall_segment Palisade Wall x1 |
| 54:48 | Mau5 · wall_segment Palisade Wall x1 |
| 54:50 | Mau5 · wall_segment Palisade Wall x1 |
| 56:08 | Bog Sauce · resign |
[ AI ANALYSIS · 1 CREDIT ]
What really happened in this match?
Wolo.gg analyzes every decision: build order, eco, micro, common mistakes by bracket. Personalized analysis on WhatsApp or Discord in 30 seconds.
Civ guide
Teutons
Perfil
Jugador #4478911